 Dungeon Crawl Stone Soup version 0.22-a0-254-gaf95ca0 (webtiles) character file.

92 RoseArtemis the Skirmisher (level 4, -1/41 HPs)
             Began as a Minotaur Fighter on Mar 4, 2018.
             Was an Initiate of the Shining One.
             Slain by a crimson imp (2 damage)
             ... summoned by Natasha
             ... on level 2 of the Dungeon.
             The game lasted 00:04:38 (1782 turns).

RoseArtemis the Skirmisher (Minotaur Fighter)       Turns: 1782, Time: 00:04:39

Health: -1/41      AC:  7    Str: 27    XL:     4   Next: 35%
Magic:  3/3        EV:  7    Int:  5    God:    the Shining One [......]
Gold:   139        SH: 10    Dex:  9    Spells: 3/3 levels left

rFire    . . .     SeeInvis .   a - +0 flail
rCold    . . .     Gourm    .   c - +0 shield
rNeg     . . .     Faith    .   i - +0 scale mail
rPois    .         Spirit   .   (helmet restricted)
rElec    .         Reflect  .   (no cloak)
rCorr    .         Harm     .   (no gloves)
MR       .....                  (no boots)
Stlth    ..........             (no amulet)
HPRegen  0.13/turn              (no ring)
MPRegen  0.08/turn              (no ring)

@: mighty, slowed, glowing, very slow
A: retaliatory headbutt, horns 2
a: Renounce Religion


You were on level 2 of the Dungeon.
You worshipped the Shining One.
The Shining One was noncommittal.
You were not hungry.

You visited 1 branch of the dungeon, and saw 2 of its levels.

You collected 139 gold pieces.

Inventory:

Hand Weapons
 a - a +0 flail (weapon)
 b - a +0 hunting sling
Missiles
 m - 17 sling bullets
Armour
 c - a +0 shield (worn)
 i - a +0 scale mail (worn)
 l - a +0 pair of boots
Jewellery
 k - an uncursed ring of fire {unknown}
Wands
 v - a wand of enslavement (17)
Scrolls
 e - a scroll of magic mapping
 g - a scroll of enchant weapon {unknown}
 j - a scroll of fear {unknown}
 o - a scroll of teleportation {unknown}
 s - a scroll of noise {unknown}
 w - a scroll of identify {unknown}
Potions
 h - 3 potions of curing {unknown}
 n - a potion of lignification {unknown}
 p - a potion of agility {unknown}
 q - a potion of resistance {unknown}
 r - a potion of flight {unknown}
 t - a potion of haste {unknown}
 u - a potion of magic {unknown}
Comestibles
 f - 2 rations
 x - 3 chunks of flesh


   Skills:
 + Level 4.4 Fighting
 * Level 4.4 Maces & Flails
 + Level 4.4 Armour
 - Level 3.6 Shields


You had 3 spell levels left.
You didn't know any spells.

Dungeon Overview and Level Annotations

Branches:
Dungeon (2/15)

Altars:
The Shining One

Annotations:
D:2 Natasha


Innate Abilities, Weirdness & Mutations

You reflexively headbutt those who attack you in melee.
You have a pair of horns on your head.


Message History

You barely miss Natasha.
Natasha is severely wounded.
Natasha stares at you and mumbles some strange words.
You feel yourself slow down.
The crimson imp hits you but does no damage.
The shadow imp gestures at you. Pain shoots through your body!
* * * LOW HITPOINT WARNING * * *
Natasha claws you but does no damage.
You feel very mighty all of a sudden.
The crimson imp hits you but does no damage.
The shadow imp barely misses you. You furiously retaliate!
You headbutt the shadow imp!!
You kill the shadow imp!
Natasha barely misses you.
The crimson imp hits you but does no damage.
You completely miss Natasha. Your headbutt misses Natasha.
Natasha is severely wounded.
You block Natasha's attack. The crimson imp hits you.
You die...

#....#..#
######+##..##...'
#######.##
#......##..#..
##..#####.....##..#.#.
#......##...###..#._.#
#......##.....##..#.#.
#...)..####.#..##..#..
#......# #.##..##...#
#......# #.###..##.##
#...5@.# #.# ##..###.
#####h.# #.# ##..#..
##.# #.# ##.#.#
#.####.######...#
#.##.........#.##
#.##.........#.#
#.##..[........##
#..#.............
##.###.###.......


You could see Natasha and a crimson imp.

Vanquished Creatures
  Natasha (twice) (D:2)
  An ooze (D:2)
  A dart slug (D:1)
  A leopard gecko (D:1)
  4 giant cockroaches
  6 hobgoblins
  4 jackals (D:1)
  A ball python (D:2)
  3 bats
  3 frilled lizards (D:1)
  3 goblins
  5 kobolds
34 creatures vanquished.

Notes
Turn   | Place    | Note
-------+----------+-------------------------------------------
     0 | D:1      | RoseArtemis the Minotaur Fighter began the quest for the Orb.
     0 | D:1      | Reached XP level 1. HP: 19/19 MP: 0/0
   231 | D:1      | Reached XP level 2. HP: 25/27 MP: 1/1
  1054 | D:2      | Reached XP level 3. HP: 30/33 MP: 2/2
  1160 | D:2      | Found a glowing golden altar of the Shining One.
  1165 | D:2      | Became a worshipper of the Shining One
  1421 | D:2      | Noticed Natasha
  1431 | D:2      | Killed Natasha
  1435 | D:2      | Noticed Natasha
  1705 | D:2      | Reached XP level 4. HP: 40/40 MP: 3/3
  1729 | D:2      | Killed Natasha
  1768 | D:2      | Noticed Natasha
  1780 | D:2      | HP: 1/41 [shadow imp/nerve-wracking pain[Natasha] (13)]
  1782 | D:2      | Slain by a crimson imp

Vault maps used:
D:1:      dpeg_arrival_chambers_temple_mockup, hangedman_feature_mirror,
          hangedman_abyss_or_decor_lesser_grid, minmay_tetromino_s2
D:2:      hangedman_feature_mirror, minivault_11, tso_metal_star, uniq_natasha

Skill      XL: |  1  2  3 |
---------------+----------+-----
Maces & Flails | 3 4 |  4.4
Fighting       | 4 |  4.4
Armour         | 4 |  4.4
Shields        | |  3.6

Action                   |  1- 3 |  4- 6 || total
-------------------------+-------+-------++-------
Melee: Flail             |    84 |    15 ||    99
       Headbutt          |     9 |     2 ||    11
  Use: Scroll            |     1 |       ||     1
       Potion            |       |     1 ||     1
  Eat: Chunk             |     2 |     1 ||     3
Armor: Scale mail        |    44 |     9 ||    53
Dodge: Dodged            |    25 |     6 ||    31
Block: Shield            |    41 |     5 ||    46

Table legend:
 A = Spawn XP
 B = Non-spawn XP
 C = Spawn XP percentage of total XP
 D = Spawn monster count
 E = Non-spawn monster count
 F = Spawn count percentage of total count
 G = Total turns spent on level
                    A         B        C        D         E        F      G
               +---------+---------+-------+---------+---------+-------+---------
         Total |       0 |     132 |   0.0 |       0 |      34 |   0.0 |  1782
               +---------+---------+-------+---------+---------+-------+---------
           D:1 |       0 |      32 |   0.0 |       0 |      19 |   0.0 |  1167
           D:2 |       0 |     100 |   0.0 |       0 |      15 |   0.0 |   615
               +---------+---------+-------+---------+---------+-------+---------
